 Dungeon Crawl Stone Soup version 0.28.0-45-g0d030f2227 (webtiles) character file.

Game seed: 12986095248799171121

51 bobregger the Cudgeller (level 3, -5/39 HPs)
             Began as an Ogre Berserker on Apr 24, 2022.
             Was a Follower of Trog.
             Killed from afar by Robin (12 damage)
             ... with a puff of flame
             ... on level 2 of the Dungeon.
             The game lasted 00:02:00 (1997 turns).

bobregger the Cudgeller (Ogre Berserker)            Turns: 1997, Time: 00:02:00

Health: -5/39      AC:  3    Str: 23    XL:     3   Next: 81%
Magic:  3/3        EV: 10    Int:  8    God:    Trog [*.....]
Gold:   63         SH:  0    Dex:  8    Spells: 2/2 levels left

rFire   . . .      SeeInvis .   a - +0 mace
rCold   . . .      Faith    .   (no shield)
rNeg    . . .      Spirit   .   b - +0 animal skin
rPois   .          Reflect  .   (helmet restricted)
rElec   .          Harm     .   (no cloak)
rCorr   .          Rampage  .   (gloves unavailable)
Will    .....                   (boots unavailable)
Stlth   +.........              (no amulet)
HPRegen 0.13/turn               (no ring)
MPRegen 0.08/turn               (no ring)

@: on berserk cooldown, slowed, very slow
A: large, unfitting armour, tough skin 1
a: Renounce Religion, Berserk


You were on level 2 of the Dungeon.
You worshipped Trog.
Trog was aware of your devotion.
You visited 1 branch of the dungeon, and saw 2 of its levels.

You collected 63 gold pieces.

Inventory:

Hand Weapons
 a - a +0 mace (weapon)
Armour
 b - a +0 animal skin (worn)
Scrolls
 d - a scroll of blinking {unknown}
 e - a scroll of noise {unknown}
 f - a scroll of summoning {unknown}
 g - a scroll of torment {unknown}
 h - a scroll of teleportation {unknown}


   Skills:
 - Level 4.0 Fighting
 + Level 4.2 Maces & Flails
 - Level 2.6 Dodging


You had 2 spell levels left.
You didn't know any spells.
Your spell library was empty.

Dungeon Overview and Level Annotations

Branches:
Dungeon (2/15)

Altars:

Annotations:
D:2 Robin


Innate Abilities, Weirdness & Mutations

You are too large for most types of armour.
You have tough skin. (AC +1)


Message History

The hobgoblin is severely wounded.
The goblin no longer looks unusually strong.
The hobgoblin hits you. The goblin closely misses you.
You barely miss the hobgoblin.
The hobgoblin is severely wounded.
The hobgoblin closely misses you. The goblin hits you with a +0 dagger.
The hobgoblin hits you. The goblin closely misses you.
It was a potion of curing.
You feel better. The hobgoblin barely misses you.
The goblin hits you with a +0 dagger.
Robin roars a battlecry!
The goblins go into a battle-frenzy!
The hobgoblin barely misses you.
Okay, then.
You miss the goblin. The goblin hits you but does no damage.
The hobgoblin barely misses you. The goblin hits you with a +0 dagger.
You hit the goblin.
You kill the goblin!
Trog accepts your kill. The hobgoblin barely misses you.
The hobgoblin closely misses you. The hobgoblin hits you.
* * * LOW HITPOINT WARNING * * *
Items here: )))) †††.
The hobgoblin misses you.
Robin says, "Feeling lonely?"
The hobgoblin barely misses you.
The hobgoblin no longer looks unusually strong.
You sock the hobgoblin!
You kill the hobgoblin!
Trog accepts your kill. Robin hits you with a +0 dagger.
* * * LOW HITPOINT WARNING * * *
You aren't carrying any potions.
You hit Robin but do no damage. Robin hits you with a +0 dagger.
* * * LOW HITPOINT WARNING * * *
Robin hits you with a +0 dagger.
* * * LOW HITPOINT WARNING * * *
You hit Robin.
Robin is moderately wounded.
Robin zaps a wand.
The puff of flame hits you!
You die...

$ ... ########.....
#.w.))w......
###########.######.....
#........@gl# ...
#.########### ## . #.#
.. #.# ###. #.# #.. #.#
#.# #.### ##.# #...#
##..# ###.#####...###.#
#


You could see a worm, Robin and a frilled lizard.

Vanquished Creatures
  A worm (D:1)
  A dart slug (D:1)
  2 bats
  3 endoplasms
  4 giant cockroaches
  13 goblins
  5 hobgoblins
  A quokka (D:1)
  5 ball pythons
  A frilled lizard (D:1)
  A kobold (D:1)
  A rat (D:1)
38 creatures vanquished.

Notes
Turn   | Place    | Note
-------+----------+-------------------------------------------
     0 | D:1      | bobregger the Ogre Berserker began the quest for the Orb.
     0 | D:1      | Reached XP level 1. HP: 24/24 MP: 1/1
   280 | D:1      | Reached XP level 2. HP: 32/32 MP: 2/2
  1376 | D:1      | Reached XP level 3. HP: 39/39 MP: 3/3
  1966 | D:2      | Noticed Robin
  1997 | D:2      | Killed from afar by Robin

Illustrated notes

Levels and vault maps discovered:
D:1:      dpeg_arrival_brainrot, layout_loops_ring
D:2:      layout_loops_ring, kennysheep_donut, serial_bayou_pond_c, uniq_robin

Skill      XL: |  1  2  3 |
---------------+----------+-----
Maces & Flails | 3 4 |  4.2
Fighting       | |  4.0
Dodging        | |  2.6

Action                   || total
-------------------------++-------
Melee: Mace              ||    93
       Punch             ||     2
Invok: Berserk           ||     2
  Use: Potion            ||     1
Armor: Animal skin       ||    29
Dodge: Dodged            ||    67
